 Dungeon Crawl Stone Soup version 0.29-a0-284-gf9362112df (webtiles) character file.

Game seed: 5110510117562236986

11 PaleWalker the Poker (level 2, -2/23 HPs)
             Began as a Merfolk Gladiator on Mar 14, 2022.
             Slain by a jackal (3 damage)
             ... on level 1 of the Dungeon.
             The game lasted 00:01:10 (167 turns).

PaleWalker the Poker (Merfolk Gladiator)             Turns: 167, Time: 00:01:10

Health: -2/23      AC:  4    Str: 14    XL:     2   Next: 25%
Magic:  2/2        EV: 13    Int:  7    God:
Gold:   0          SH:  0    Dex: 15    Spells: 1/1 levels left

rFire   . . .      SeeInvis .   a - +0 trident
rCold   . . .      Faith    .   (no shield)
rNeg    . . .      Spirit   .   b - +0 leather armour
rPois   .          Reflect  .   c - +0 helmet
rElec   .          Harm     .   (no cloak)
rCorr   .          Rampage  .   (no gloves)
Will    +....                   (no boots)
Stlth   +.........              (no amulet)
HPRegen 0.07/turn               j - ring of willpower
MPRegen 0.08/turn               (no ring)

@: no status effects
A: (nimble swimmer 2), mertail
a: no special abilities


You were on level 1 of the Dungeon.
You visited 1 branch of the dungeon, and saw 1 of its levels.

Inventory:

Hand Weapons
 a - a +0 trident (weapon)
Missiles
 e - a javelin (quivered)
Armour
 b - a +0 leather armour (worn)
 c - a +0 helmet (worn)
Jewellery
 j - a ring of willpower (left hand)
Scrolls
 g - a scroll of teleportation {unknown}
 i - a scroll of brand weapon {unknown}
Potions
 f - 2 potions of resistance {unknown}
 h - a potion of curing {unknown}


   Skills:
 + Level 2.5 Fighting
 * Level 4.6 Polearms
 - Level 2.0 Throwing
 - Level 4.0 Dodging


You had one spell level left.
You didn't know any spells.
Your spell library was empty.

Dungeon Overview and Level Annotations

Branches:
Dungeon (1/15)

Altars:


Innate Abilities, Weirdness & Mutations

((You are very nimble when in or above water. (Stealth+, EV+, Speed+++)))
Your lower body shifts to a powerful aquatic tail in water.


Message History

Throw: javelin
Press: ? - help, Q - select action Shift-Dir - straight line, f - ball python, p - jackal
Aim: a ball python (57% to hit)
Okay, then.
You hit the ball python.
You kill the ball python!
The jackal barely misses you. The jackal bites you.
* * * LOW HITPOINT WARNING * * *
You completely miss the jackal.
The jackal bites you but does no damage.
The jackal bites you.
* * * LOW HITPOINT WARNING * * *
The jackal closely misses you.
You hit the jackal.
The jackal is lightly wounded.
The jackal barely misses you.
The jackal bites you but does no damage.
You hit the jackal.
The jackal is moderately wounded.
The jackal closely misses you.
The jackal bites you but does no damage.
The jackal barely misses you. The jackal closely misses you.
You closely miss the jackal.
The jackal is moderately wounded.
The jackal bites you but does no damage.
The jackal completely misses you.
You barely miss the jackal.
The jackal is moderately wounded.
The jackal bites you but does no damage. x2
The jackal misses you. The jackal barely misses you.
You hit the jackal.
You kill the jackal!
The jackal bites you but does no damage.
The jackal bites you but does no damage.
The jackal barely misses you.
Items here: ( ) ††.
You hit the jackal but do no damage. The jackal barely misses you.
You hit the jackal but do no damage. The jackal barely misses you.
The jackal bites you.
You die...

# #.....#......# . ..
#.....#........ .
..##.##########.....##.......
.... ..............#####
....... ..... #.########†.##
.....## .. ...##....###..S.#
.....# #.
#...........h######. ##.###
#. #..........###...... .#
#.####..........@...#
#...######.###..#h....#
.....## #.......#.....#
.#'#..# #...##...........
#.##.###..###.#......[.#
##.##......# #.##.......#
#...#####.## #.##........
#...# #.# #.##(.....## #...##
#..


You could see a jackal.

Vanquished Creatures
  2 endoplasms (D:1)
  A goblin (D:1)
  A hobgoblin (D:1)
  3 jackals (D:1)
  2 ball pythons (D:1)
9 creatures vanquished.

Notes
Turn   | Place    | Note
-------+----------+-------------------------------------------
     0 | D:1      | PaleWalker the Merfolk Gladiator began the quest for the
                  | Orb.
     0 | D:1      | Reached XP level 1. HP: 16/16 MP: 1/1
   137 | D:1      | Reached XP level 2. HP: 18/23 MP: 2/2
   159 | D:1      | HP: 1/23 [jackal (1)]
   167 | D:1      | Slain by a jackal

Illustrated notes

Levels and vault maps discovered:
D:1:      evilmike_arrival_plus, layout_rooms, shapermc_ecumenical_altar_venn,
          st_stairs_5

Action                   || total
-------------------------++-------
Melee: Trident           ||    30
Throw: Throwing net      ||     3
Armor: Leather armour    ||    14
Dodge: Dodged            ||    33

Table legend: (Time is in decaauts)
 A = Elapsed time spent in this place.
 B = Non-inter-level travel time spent in this place.
 C = Inter-level travel time spent in this place.
 D = Time resting spent in this place.
 E = Time spent auto-exploring this place.
 F = Levels seen in this place.
 G = Mean time per level.
                   A        B        C        D        E       F      G
               +--------+--------+--------+--------+--------+-----+--------+
         Total |    168 |    168 |      0 |      0 |    102 |   1 |  168.0 |
       Dungeon |    168 |    168 |      0 |      0 |    102 |   1 |  168.0 |
               +--------+--------+--------+--------+--------+-----+--------+

Top non-repeatable levels by time:
     D:1: 168 daAuts
